[Event "Titled Tuesday Blitz July 18 Late 2023"]
[White "Izuzquiza Gonzalez, Javier"]
[Black "Topalov, Aleksandar"]
[WhiteFideId "3101029"]
[BlackFideId "925659"]
[WhiteElo "2260"]
[BlackElo "2380"]
[Result "1-0"]
[Round "6"]
[TimeControl "180+2"]
[Date "2023.07.18"]
[WhiteClock "0:00:10"]
[BlackClock "0:00:00"]
[Board "136"]

1. d4 Nf6 2. c4 c5 3. d5 d6 4. Nc3 g6 5. Nf3 Bg7 6. g3 O-O 7. Bg2 Na6 8. O-O Nc7 9. Re1 Rb8 10. a4 b6 11. e4 a6 12. h3 b5 13. axb5 axb5 14. e5 Nfe8 15. cxb5 Nxb5 16. Bg5 f6 17. exf6 exf6 18. Bf4 f5 19. Qd2 Nf6 20. Ng5 Nd4 21. Ra7 Rb7 22. Rxb7 Bxb7 23. Ne6 Qd7 24. Nxf8 Bxf8 25. b4 Bg7 26. bxc5 dxc5 27. Be5 Nxd5 28. Nxd5 Bxd5 29. Bxg7 Kxg7 30. Qc3 Bxg2 31. Kxg2 Qd5+ 32. f3 Qa2+ 33. Kg1 Kh6 34. Qe3+ 1-0


[Site "https://www.chess.com"]

[Event "Titled Tuesday Blitz July 18 Late 2023"]
[White "Thiel, Thomas"]
[Black "Todorovic, Bojan"]
[WhiteFideId "4615964"]
[BlackFideId "917087"]
[WhiteElo "2251"]
[BlackElo "2372"]
[Result "1-0"]
[Round "6"]
[TimeControl "180+2"]
[Date "2023.07.18"]
[WhiteClock "0:00:15"]
[BlackClock "0:00:00"]
[Board "137"]

1. e4 g6 2. d4 Bg7 3. Nc3 d6 4. Bc4 e6 5. h4 Nf6 6. Nge2 a6 7. a4 Nc6 8. Ng3 d5 9. exd5 exd5 10. Be2 h5 11. Bg5 O-O 12. O-O Qd6 13. Qd2 Ng4 14. Bxg4 Bxg4 15. Nce2 Bxe2 16. Nxe2 Rfe8 17. c3 Na5 18. Rae1 Nc4 19. Qc1 Qd7 20. b3 Nd6 21. Ng3 Nf5 22. Qf4 Nxg3 23. Qxg3 c6 24. Qf4 b5 25. a5 b4 26. cxb4 Qb7 27. Qd2 Rab8 28. Bf4 Rbc8 29. Bd6 Qd7 30. Bc5 Qg4 31. g3 Bf6 32. Rxe8+ Rxe8 33. Re1 Rxe1+ 34. Qxe1 Kg7 35. Qe8 Qd1+ 36. Kg2 Qxb3 37. Qf8+ 1-0


[Site "https://www.chess.com"]

[Event "Titled Tuesday Blitz July 18 Late 2023"]
[White "Sarkar, Justin"]
[Black "Schuster, Karsten"]
[WhiteFideId "2010011"]
[BlackFideId "4611071"]
[WhiteElo "2242"]
[BlackElo "2332"]
[Result "1-0"]
[Round "6"]
[TimeControl "180+2"]
[Date "2023.07.18"]
[WhiteClock "0:00:03"]
[BlackClock "0:01:14"]
[Board "138"]

1. e4 d5 2. exd5 Qxd5 3. Nc3 Qd6 4. g3 c6 5. Bg2 Nf6 6. Nf3 Bg4 7. O-O e6 8. h3 Bh5 9. d3 Qc7 10. Rb1 Nbd7 11. g4 Bg6 12. Nh4 Be7 13. Nxg6 hxg6 14. b4 a6 15. Bd2 Bd6 16. Re1 Kf8 17. a4 Bf4 18. b5 Bxd2 19. Qxd2 Nd5 20. bxc6 bxc6 21. Ne2 Rb8 22. c4 Ne7 23. d4 Rd8 24. Qb4 c5 25. dxc5 Nxc5 26. Red1 Rc8 27. a5 g5 28. Qb6 Qe5 29. Rd8+ 1-0


[Site "https://www.chess.com"]

[Event "Titled Tuesday Blitz July 18 Late 2023"]
[White "Herbst, Richard"]
[Black "Cardenas Carbajal, Nilson"]
[WhiteFideId "2041251"]
[BlackFideId "8401128"]
[WhiteElo "2324"]
[BlackElo "2183"]
[Result "0-1"]
[Round "6"]
[TimeControl "180+2"]
[Date "2023.07.18"]
[WhiteClock "0:02:33"]
[BlackClock "0:01:55"]
[Board "139"]

1. e4 e5 2. Nf3 Nc6 3. Bb5 a6 4. Ba4 Nf6 5. O-O Nxe4 6. Re1 Nc5 7. Bxc6 dxc6 8. Nxe5 Be7 9. d4 Ne6 10. Be3 O-O 11. c4 Bf6 12. Nc3 Re8 13. h3 c5 14. Nf3 cxd4 15. Nxd4 Nxd4 16. Bxd4 Rxe1+ 17. Qxe1 Bxd4 18. Rd1 c5 19. Nd5 Be6 0-1


[Site "https://www.chess.com"]

[Event "Titled Tuesday Blitz July 18 Late 2023"]
[White "Vila Dupla, Aurelio"]
[Black "Sadovsky, Artem"]
[WhiteFideId "2203383"]
[BlackFideId "4155840"]
[WhiteElo "2227"]
[BlackElo "2549"]
[Result "0-1"]
[Round "6"]
[TimeControl "180+2"]
[Date "2023.07.18"]
[WhiteClock "0:00:39"]
[BlackClock "0:01:36"]
[Board "140"]

1. Nf3 g6 2. d4 Bg7 3. c4 d6 4. g3 e5 5. dxe5 dxe5 6. Qxd8+ Kxd8 7. Nc3 f6 8. Bd2 Be6 9. O-O-O Nd7 10. b3 Nh6 11. h3 Nf7 12. h4 c6 13. Bh3 Bxh3 14. Rxh3 Kc7 15. h5 f5 16. Rdh1 e4 17. hxg6 hxg6 18. Rxh8 Rxh8 19. Rxh8 Bxh8 20. Nh4 Nde5 21. f4 exf3 22. exf3 Bf6 23. Bf4 Bxh4 24. gxh4 Kd7 25. Bxe5 Nxe5 26. f4 Nd3+ 27. Kd2 Nxf4 28. Nd1 Ng2 29. h5 gxh5 30. Ke2 Ke6 31. Kf3 Ne1+ 32. Kg3 Kf6 33. Ne3 Kg5 0-1


[Site "https://www.chess.com"]

[Event "Titled Tuesday Blitz July 18 Late 2023"]
[White "Troff, Kayden"]
[Black "Miguelitro69"]
[WhiteFideId "2047896"]
[WhiteElo "2766"]
[BlackElo "2257"]
[Result "1-0"]
[Round "6"]
[TimeControl "180+2"]
[Date "2023.07.18"]
[WhiteClock "0:00:20"]
[BlackClock "0:00:00"]
[Board "141"]

1. d4 d5 2. Nf3 Nf6 3. Bf4 g6 4. e3 Bg7 5. h4 h5 6. Bd3 O-O 7. Nbd2 b6 8. c3 Bb7 9. Ne5 Nbd7 10. Ndf3 Ne4 11. Ng5 Nxe5 12. dxe5 Nxg5 13. hxg5 Qd7 14. Rh4 Qe6 15. g4 hxg4 16. Kd2 Bxe5 17. Qh1 Rfd8 18. Qh2 g3 19. Bxg3 Bg7 20. Rh1 f5 21. Rh7 Kf8 22. Bxc7 d4 23. exd4 Bxh1 24. Qxh1 Rdc8 25. Rxg7 Kxg7 26. Be5+ Kf7 27. Qh7+ Ke8 28. Bb5+ Rc6 29. Qh8+ Kd7 30. Qxa8 Qd5 31. Qb7+ Ke6 32. Bxc6 Qxa2 33. Qd7+ Kf7 34. Bd5+ 1-0


[Site "https://www.chess.com"]

[Event "Titled Tuesday Blitz July 18 Late 2023"]
[White "Palencia Morales, Wilson Guillermo"]
[Black "rikchessmx"]
[WhiteFideId "4401859"]
[WhiteElo "2541"]
[BlackElo "2256"]
[Result "1-0"]
[Round "6"]
[TimeControl "180+2"]
[Date "2023.07.18"]
[WhiteClock "0:00:17"]
[BlackClock "0:00:00"]
[Board "142"]

1. d4 Nf6 2. c4 g6 3. Nf3 d5 4. Nc3 Bg7 5. Bg5 Ne4 6. cxd5 Nxg5 7. Nxg5 e6 8. Qd2 Bh6 9. f4 exd5 10. Qe3+ Kf8 11. O-O-O c6 12. h4 Qe7 13. Qxe7+ Kxe7 14. e3 Bg4 15. Re1 f6 16. Nf3 Bg7 17. Bd3 f5 18. Nh2 Bh5 19. Be2 Bxe2 20. Rxe2 Nd7 21. g4 Kf6 22. h5 fxg4 23. Nxg4+ Kf5 24. Rg2 Rae8 25. Kd2 Nb6 26. b3 Nd7 27. Ne2 c5 28. h6 Bf8 29. Nf2 Be7 30. Ng3+ Ke6 31. Ne2 b6 32. Nd3 Kd6 33. Ne5 Rhf8 34. Rg4 Nf6 35. Rg2 Ne4+ 36. Kd3 Bf6 37. Nc3 Nxc3 38. Kxc3 Bxe5 39. fxe5+ Ke6 40. Rhh2 Rf3 41. Kd3 Ref8 42. Rc2 cxd4 43. Kxd4 1-0


[Site "https://www.chess.com"]

[Event "Titled Tuesday Blitz July 18 Late 2023"]
[White "Boor, Carl"]
[Black "Cardozo Munar, Carlos Eduardo"]
[WhiteFideId "2017008"]
[BlackFideId "4409477"]
[WhiteElo "2403"]
[BlackElo "2237"]
[Result "0-1"]
[Round "6"]
[TimeControl "180+2"]
[Date "2023.07.18"]
[WhiteClock "0:00:00"]
[BlackClock "0:00:20"]
[Board "143"]

1. e4 e6 2. Nf3 d5 3. e5 c5 4. b4 cxb4 5. a3 Nc6 6. d4 f6 7. Bd3 Qb6 8. O-O Bd7 9. axb4 fxe5 10. b5 Nxd4 11. Nxe5 Nf6 12. Nxd7 Kxd7 13. c4 Bd6 14. Be3 e5 15. Nc3 dxc4 16. Bf5+ Ke7 17. Na4 Qxb5 18. Bxd4 exd4 19. Re1+ Kf8 20. Qxd4 Be7 21. Rxe7 Qxf5 22. Rxb7 Qd5 23. Qxd5 Nxd5 24. Nc5 a5 25. Ne6+ Ke8 26. Nxg7+ Kd8 27. Rc1 c3 28. Rb5 Nc7 29. Rc5 Rg8 30. Nf5 a4 31. Rd1+ Kc8 32. Nd6+ Kd7 33. Nb5+ Ke7 34. Rxc7+ Kf6 35. Rxc3 Rgb8 36. Rf3+ Kg7 37. Rd7+ Kh8 0-1


[Site "https://www.chess.com"]

[Event "Titled Tuesday Blitz July 18 Late 2023"]
[White "De Souza, Cristiano Gomes"]
[Black "Melikhov, Evgeny V."]
[WhiteFideId "2151758"]
[BlackFideId "4122046"]
[WhiteElo "2237"]
[BlackElo "2391"]
[Result "1-0"]
[Round "6"]
[TimeControl "180+2"]
[Date "2023.07.18"]
[WhiteClock "0:02:12"]
[BlackClock "0:01:20"]
[Board "144"]

1. d4 Nf6 2. c4 e6 3. Nf3 d5 4. Nc3 Bb4 5. Bg5 h6 6. Bxf6 Qxf6 7. e3 O-O 8. Rc1 c5 9. cxd5 exd5 10. dxc5 Be6 11. Be2 Nd7 12. O-O Bxc3 13. Rxc3 Rfc8 14. Qc2 a5 15. Nd4 Qe7 16. c6 bxc6 17. Nxc6 Rxc6 18. Rxc6 Ne5 19. Rc7 Qf6 20. Qc3 Rb8 21. b3 Nf3+ 22. Bxf3 1-0


[Site "https://www.chess.com"]

[Event "Titled Tuesday Blitz July 18 Late 2023"]
[White "Todev, Simeon"]
[Black "Kuchava, Ana"]
[WhiteFideId "2925133"]
[BlackFideId "13605348"]
[WhiteElo "2369"]
[BlackElo "2231"]
[Result "1-0"]
[Round "6"]
[TimeControl "180+2"]
[Date "2023.07.18"]
[WhiteClock "0:01:43"]
[BlackClock "0:00:00"]
[Board "145"]

1. e4 c5 2. Nf3 d6 3. c3 Nf6 4. Bd3 g6 5. Bc2 Bg7 6. d4 cxd4 7. cxd4 O-O 8. Nc3 d5 9. O-O dxe4 10. Nxe4 Nc6 11. Be3 Nb4 12. Nxf6+ Bxf6 13. Be4 Nd5 14. Bh6 Bg7 15. Bxg7 Kxg7 16. Re1 Bg4 17. h3 Bxf3 18. Qxf3 e6 19. Bxd5 Qxd5 20. Qxd5 exd5 21. Re7 Rab8 22. Rc1 Rfe8 23. Rd7 Re2 24. Rcc7 Rxb2 25. Rxf7+ Kg8 26. Rg7+ Kh8 27. Rxh7+ Kg8 28. Rcg7+ Kf8 29. Rxg6 Re8 30. Rh8+ Kf7 31. Rxe8 Kxe8 32. Rd6 Rxa2 33. h4 a5 34. h5 a4 35. h6 Kf7 36. Rd7+ Kg8 37. g4 Rb2 38. Rxd5 a3 39. Ra5 a2 40. Kg2 b5 41. g5 Kh7 42. Ra7+ Kg6 43. h7 1-0


[Site "https://www.chess.com"]

[Event "Titled Tuesday Blitz July 18 Late 2023"]
[White "SoyuzTM4"]
[Black "Eggleston, Thomas A"]
[BlackFideId "412139"]
[WhiteElo "2227"]
[BlackElo "2357"]
[Result "0-1"]
[Round "6"]
[TimeControl "180+2"]
[Date "2023.07.18"]
[WhiteClock "0:00:00"]
[BlackClock "0:00:24"]
[Board "146"]

1. e4 e6 2. d4 d5 3. e5 c5 4. c3 Nc6 5. Nf3 Qb6 6. a3 f6 7. Bd3 fxe5 8. dxe5 c4 9. Bc2 Nh6 10. O-O Nf7 11. Re1 Bd7 12. Nbd2 g5 13. b3 cxb3 14. Nxb3 g4 15. Nfd4 Ncxe5 16. Rb1 Qc7 17. Bf4 Bd6 18. Qe2 O-O-O 19. Bg3 h5 20. Nb5 Bxb5 21. Qxb5 a6 22. Qa5 h4 23. Qxc7+ Bxc7 24. Bf4 h3 25. Nd4 hxg2 26. Kxg2 Nf3 27. Bxc7 Kxc7 28. Nxe6+ Kd6 29. Nxd8 Rxh2+ 30. Kg3 Nxd8 31. Rh1 Rxh1 32. Rxh1 Ne5 33. Bf5 Ndc6 34. Bxg4 Kc5 35. Rh5 Nc4 36. a4 Nb2 37. Bf3 Ne7 38. a5 Nc4 39. Rh7 Kd6 40. Kf4 Nxa5 41. Rh6+ Kc5 42. Re6 Nac6 43. Be2 a5 44. Kg3 a4 45. f4 a3 46. Bd1 a2 47. f5 a1=Q 0-1


[Site "https://www.chess.com"]

[Event "Titled Tuesday Blitz July 18 Late 2023"]
[White "Osmonbekov, Talaibek"]
[Black "Ortega Ruiz, Jose Miguel"]
[WhiteFideId "2017253"]
[BlackFideId "2209713"]
[WhiteElo "2174"]
[BlackElo "2357"]
[Result "1/2-1/2"]
[Round "6"]
[TimeControl "180+2"]
[Date "2023.07.18"]
[WhiteClock "0:00:03"]
[BlackClock "0:00:21"]
[Board "147"]

1. d4 Nf6 2. Nc3 g6 3. e4 d6 4. Bf4 Nc6 5. Qd2 Nxd4 6. Qxd4 e5 7. Bxe5 dxe5 8. Qxe5+ Qe7 9. Qxe7+ Bxe7 10. e5 Nd7 11. Nd5 Bd8 12. Nf3 c6 13. Ne3 O-O 14. O-O-O Re8 15. Nc4 Nc5 16. Nd6 Rf8 17. b4 Ne6 18. h4 Bb6 19. h5 Bxf2 20. hxg6 hxg6 21. Bc4 b5 22. Bb3 a5 23. Nxc8 Rfxc8 24. Bxe6 fxe6 25. Rd7 Ra7 26. Rxa7 Bxa7 27. bxa5 Be3+ 28. Kd1 Ra8 29. Ke2 Bc5 30. Ng5 Rxa5 31. Nxe6 Be7 32. Nf4 g5 33. Ng6 Bc5 34. e6 Kg7 35. e7 Ra8 36. Ne5 Bxe7 37. Nxc6 Bf6 38. Rb1 Rxa2 39. Kd3 Ra3+ 40. Kd2 Rg3 41. Rxb5 Rxg2+ 42. Kd3 g4 43. Nd4 Rg3+ 44. Ke4 Bxd4 45. Kxd4 Kg6 46. c4 Rg1 47. c5 Re1 48. c6 Rc1 49. Rc5 Rd1+ 50. Ke3 Rd8 51. c7 Rc8 52. Kf4 Kf6 53. Kxg4 Ke6 54. Kf4 Kd6 55. Rc4 Rxc7 56. Rxc7 Kxc7 1/2-1/2


[Site "https://www.chess.com"]

[Event "Titled Tuesday Blitz July 18 Late 2023"]
[White "Kujawski, Adam"]
[Black "Sailer, Mike"]
[WhiteFideId "1100920"]
[BlackFideId "2012901"]
[WhiteElo "2335"]
[BlackElo "2163"]
[Result "1/2-1/2"]
[Round "6"]
[TimeControl "180+2"]
[Date "2023.07.18"]
[WhiteClock "0:00:02"]
[BlackClock "0:00:03"]
[Board "148"]

1. e4 d5 2. exd5 Qxd5 3. Nc3 Qd6 4. d4 c6 5. Bc4 Nf6 6. Nge2 Bf5 7. Bf4 Qd8 8. Qd2 e6 9. O-O-O Nbd7 10. f3 Nb6 11. Bd3 Bxd3 12. Qxd3 Bd6 13. g4 Qc7 14. Bxd6 Qxd6 15. Ne4 Qe7 16. h3 O-O-O 17. Qb3 h5 18. Kb1 hxg4 19. hxg4 Rxh1 20. Rxh1 Nxe4 21. fxe4 e5 22. dxe5 Qxe5 23. Qxf7 Qxe4 24. Qf5+ Qxf5 25. gxf5 Rd2 26. Ng3 Rg2 27. Ne4 Nd5 28. c3 Ne3 29. f6 gxf6 30. Nxf6 Kc7 31. Ne4 Nd5 32. Re1 b5 33. a3 a5 34. Kc1 b4 35. axb4 axb4 36. c4 Nf4 37. Rd1 b3 38. Nd2 Nd3+ 39. Kb1 Nf2 40. Rf1 Nd3 41. Rd1 Nf2 42. Rf1 Nd3 43. Rd1 1/2-1/2


[Site "https://www.chess.com"]

[Event "Titled Tuesday Blitz July 18 Late 2023"]
[White "Vanek, Tomas"]
[Black "Slovineanu, Viacheslav"]
[WhiteFideId "313459"]
[BlackFideId "13900510"]
[WhiteElo "2158"]
[BlackElo "2332"]
[Result "1/2-1/2"]
[Round "6"]
[TimeControl "180+2"]
[Date "2023.07.18"]
[WhiteClock "0:00:10"]
[BlackClock "0:00:14"]
[Board "149"]

1. d3 d5 2. g3 e5 3. Bg2 Nf6 4. c4 c6 5. cxd5 cxd5 6. Bg5 Nbd7 7. Qd2 h6 8. Bxf6 Nxf6 9. Nf3 Bd6 10. Nh4 O-O 11. e4 dxe4 12. dxe4 Bc5 13. O-O Qxd2 14. Nxd2 Bd4 15. Nc4 Be6 16. Rac1 b5 17. Nd6 a6 18. b3 g6 19. Nf3 Rfd8 20. Nxd4 Rxd6 21. Nxe6 Rxe6 22. Rfd1 Ra7 23. f3 Ree7 24. Bh3 Rec7 25. Kf2 Kg7 26. Ke3 b4 27. Bf1 a5 28. Bb5 Kf8 29. Rd8+ Ke7 30. Rdd1 Ne8 31. Rxc7+ Rxc7 32. Rd5 f6 33. Bc4 Nd6 34. Rxa5 Nxc4+ 35. bxc4 Rxc4 36. Ra7+ Ke6 37. Ra6+ Ke7 38. Ra7+ Kd6 39. Ra6+ Rc6 40. Rxc6+ Kxc6 41. Kd3 Kb5 42. h3 Ka4 43. Kc4 Ka3 44. h4 h5 45. g4 Kxa2 46. Kxb4 Kb2 47. Kc5 Kc3 48. Kd5 Kd3 49. Ke6 Ke3 50. Kxf6 Kxf3 51. gxh5 gxh5 52. Kxe5 Kg4 53. Kd6 Kxh4 54. e5 Kg3 55. e6 h4 56. e7 h3 57. e8=Q h2 58. Qe1+ Kg2 59. Qe2+ Kg1 60. Qe1+ Kg2 61. Qe4+ Kg1 62. Qg4+ Kh1 63. Qf3+ Kg1 64. Qg3+ Kh1 65. Qh3 Kg1 66. Qe3+ Kg2 67. Qe4+ Kg1 68. Qg4+ Kh1 69. Qf4 Kg1 70. Qc1+ Kg2 71. Qc6+ Kg1 72. Qc1+ Kg2 73. Qd2+ Kg1 74. Qe1+ Kg2 1/2-1/2


[Site "https://www.chess.com"]

[Event "Titled Tuesday Blitz July 18 Late 2023"]
[White "Ricaurte Lopez, Juan Carlos"]
[Black "Dubreuil, Julien"]
[WhiteFideId "3600327"]
[BlackFideId "621285"]
[WhiteElo "2140"]
[BlackElo "2330"]
[Result "0-1"]
[Round "6"]
[TimeControl "180+2"]
[Date "2023.07.18"]
[WhiteClock "0:00:00"]
[BlackClock "0:00:39"]
[Board "150"]

1. e4 e5 2. d4 exd4 3. c3 d5 4. Qxd4 dxe4 5. Qxe4+ Be7 6. Bd3 Nf6 7. Qe2 O-O 8. Nf3 Re8 9. O-O Nc6 10. Bg5 Nd5 11. Bxe7 Rxe7 12. Qc2 Bg4 13. Bxh7+ Kh8 14. Be4 Nf6 15. Bxc6 bxc6 16. Nbd2 Re2 17. Qa4 Rxd2 18. Nxd2 Qxd2 19. Qxc6 Re8 20. b4 Re6 21. Qxc7 Ne4 22. h3 Nxc3 23. f3 Bf5 24. Kh2 Rg6 25. Rg1 Bxh3 26. Kxh3 Rh6+ 27. Kg3 Ne2+ 28. Kf2 Nf4+ 29. Kg3 Nh5+ 30. Kh3 Qf2 0-1


[Site "https://www.chess.com"]

[Event "Titled Tuesday Blitz July 18 Late 2023"]
[White "Alain_Otero"]
[Black "Mangialardo, Tiago Carvalho"]
[BlackFideId "2130718"]
[WhiteElo "2324"]
[BlackElo "2144"]
[Result "1-0"]
[Round "6"]
[TimeControl "180+2"]
[Date "2023.07.18"]
[WhiteClock "0:00:27"]
[BlackClock "0:00:02"]
[Board "151"]

1. e4 Nf6 2. e5 Nd5 3. d4 d6 4. Nf3 Nc6 5. c4 Nb6 6. Nc3 dxe5 7. d5 e4 8. Nxe4 Nb8 9. a4 e6 10. a5 Bb4+ 11. Bd2 Bxd2+ 12. Qxd2 N6d7 13. d6 O-O 14. c5 f5 15. Neg5 Nxc5 16. b4 Ne4 17. Nxe4 fxe4 18. dxc7 Qxc7 19. Ng5 Nc6 20. Bc4 Qe5 21. O-O Nxb4 22. Nxh7 Kxh7 23. Qxb4 Rf6 24. Rae1 Rh6 25. g3 Qh5 26. h4 Qf3 27. Be2 Qf5 28. Bd1 g5 29. Qxe4 gxh4 30. Qxf5+ exf5 31. Re7+ Kg8 32. Bb3+ Kf8 33. Rfe1 hxg3 34. Rf7+ Kg8 35. Re8# 1-0


[Site "https://www.chess.com"]

[Event "Titled Tuesday Blitz July 18 Late 2023"]
[White "Vifleemskaia, Svetlana"]
[Black "Tqebuchava, Zurab"]
[WhiteFideId "4129490"]
[BlackFideId "13601113"]
[WhiteElo "2319"]
[BlackElo "2115"]
[Result "1-0"]
[Round "6"]
[TimeControl "180+2"]
[Date "2023.07.18"]
[WhiteClock "0:00:03"]
[BlackClock "0:00:00"]
[Board "152"]

1. d4 d6 2. e4 Nf6 3. Nc3 Nbd7 4. Bg5 h6 5. Bh4 e5 6. Nf3 Be7 7. Bc4 O-O 8. O-O exd4 9. Nxd4 Ne5 10. Be2 Re8 11. Bg3 a6 12. a4 a5 13. h3 Bf8 14. f4 Nc6 15. Bf3 Bd7 16. Ndb5 Nb4 17. Re1 Bc6 18. Nd4 Qd7 19. Nxc6 bxc6 20. Qd2 Rad8 21. Rad1 Qc8 22. Qf2 Nd7 23. Nb1 Nc5 24. c3 Nbd3 25. Qc2 Nxe1 26. Rxe1 Qb8 27. Nd2 Qb6 28. Kh2 Rb8 29. Nc4 Qb3 30. Qxb3 Rxb3 31. Nxa5 Rxb2 32. Nxc6 Nxa4 33. Re3 Rb3 34. Be1 Rb2 35. Nd4 Nc5 36. Nf5 Ra8 37. e5 Raa2 38. exd6 Bxd6 39. Nxd6 cxd6 40. Re8+ Kh7 41. Re7 f6 42. Bg3 Nd3 43. Be4+ Kg8 44. Bd5+ Kf8 45. Rf7+ Ke8 46. Rxg7 Ra5 47. Be4 Nf2 48. Bf3 Nd3 49. Rh7 Nc5 50. Rxh6 Raa2 51. Rxf6 Nd3 52. h4 Nc1 53. Rxd6 Ne2 54. Kh3 Ng1+ 55. Kg4 Nxf3 56. gxf3 Rb5 57. f5 Rg2 58. Re6+ 1-0


[Site "https://www.chess.com"]

[Event "Titled Tuesday Blitz July 18 Late 2023"]
[White "Arias Igual, Alejandro"]
[Black "gordonzyxu"]
[WhiteFideId "2254905"]
[WhiteElo "2308"]
[BlackElo "2075"]
[Result "0-1"]
[Round "6"]
[TimeControl "180+2"]
[Date "2023.07.18"]
[WhiteClock "0:00:00"]
[BlackClock "0:00:23"]
[Board "154"]

1. e4 e5 2. Nf3 Nf6 3. Nxe5 d6 4. Nf3 Nxe4 5. d4 d5 6. Bd3 Bd6 7. O-O O-O 8. Nc3 Nxc3 9. bxc3 Bg4 10. h3 Bh5 11. g4 Bg6 12. Be3 Nd7 13. Qd2 Nf6 14. Ne5 Bxe5 15. dxe5 Ne4 16. Bxe4 dxe4 17. Qxd8 Raxd8 18. Rfd1 a6 19. Rd4 Rfe8 20. Rad1 Rxd4 21. cxd4 c6 22. Kg2 f6 23. exf6 gxf6 24. Kg3 Kf7 25. Kf4 Ke6 26. Rb1 b5 27. Rb3 a5 28. Rc3 Kd6 29. Rc5 a4 30. c3 Bf7 31. a3 Bd5 32. Kf5 Ke7 33. Bh6 Kf7 34. Bf4 Be6+ 35. Kxe4 Bxg4+ 36. Kd3 Bf3 37. Bg3 Bd5 38. Bf4 Re1 39. h4 Ra1 40. Kc2 Rxa3 41. Bc1 Ra2+ 42. Kd3 Rxf2 43. c4 Bxc4+ 44. Ke3 Re2+ 45. Kf3 Rc2 46. Ba3 Rc3+ 0-1


[Site "https://www.chess.com"]

[Event "Titled Tuesday Blitz July 18 Late 2023"]
[White "Joubert, Dantelle"]
[Black "Calin, Alexandru"]
[WhiteFideId "14310813"]
[BlackFideId "1222961"]
[WhiteElo "2063"]
[BlackElo "2307"]
[Result "0-1"]
[Round "6"]
[TimeControl "180+2"]
[Date "2023.07.18"]
[WhiteClock "0:00:02"]
[BlackClock "0:01:05"]
[Board "155"]

1. e4 e5 2. Nf3 Nc6 3. Nc3 Nf6 4. a3 g6 5. Nxe5 Nxe5 6. d4 Nc6 7. d5 Ne5 8. f4 Neg4 9. e5 Bc5 10. exf6 Nxf6 11. Qe2+ Kf8 12. Be3 d6 13. Bxc5 dxc5 14. O-O-O Bg4 15. Qc4 Bxd1 16. Qxc5+ Kg7 17. Kxd1 Qd7 18. Bc4 Qg4+ 19. Kc1 Qxf4+ 20. Kb1 Qd6 21. Qd4 Rhe8 22. Rf1 Qe5 23. Qh4 h6 24. Rf2 g5 25. Qh3 Qe1+ 0-1


[Site "https://www.chess.com"]

[Event "Titled Tuesday Blitz July 18 Late 2023"]
[White "Burke, Paul"]
[Black "Garmendiarov"]
[WhiteFideId "2605767"]
[WhiteElo "1990"]
[BlackElo "2298"]
[Result "0-1"]
[Round "6"]
[TimeControl "180+2"]
[Date "2023.07.18"]
[WhiteClock "0:02:09"]
[BlackClock "0:01:25"]
[Board "156"]

1. e4 c5 2. Nf3 d6 3. d4 cxd4 4. c3 Nf6 5. Bd3 dxc3 6. Nxc3 Nc6 7. O-O e5 8. h3 Be7 9. Bc4 O-O 10. Qe2 h6 11. Rd1 Be6 12. Bxe6 fxe6 13. Be3 Qa5 14. Qd2 Nh5 15. Bxh6 Nf4 16. Bxf4 Rxf4 17. Nd5 exd5 18. exd5 Qxd2 0-1


[Site "https://www.chess.com"]

[Event "Titled Tuesday Blitz July 18 Late 2023"]
[White "Santos, Rafael Ventura Dos"]
[Black "Gyulamiryan-koryun"]
[WhiteFideId "2122227"]
[WhiteElo "2286"]
[BlackElo "1902"]
[Result "1-0"]
[Round "6"]
[TimeControl "180+2"]
[Date "2023.07.18"]
[WhiteClock "0:00:20"]
[BlackClock "0:00:02"]
[Board "158"]

1. e4 e5 2. Nf3 Nc6 3. Bc4 Nf6 4. d3 Be7 5. Nc3 O-O 6. O-O d6 7. a4 Bg4 8. h3 Bh5 9. Be3 Nd4 10. Bxd4 exd4 11. Nd5 c6 12. Nf4 Bxf3 13. Qxf3 Nd7 14. Bb3 Ne5 15. Qg3 Bh4 16. Qh2 Bg5 17. Ne2 Bd2 18. Nxd4 Qg5 19. Kh1 Bf4 20. g3 c5 21. gxf4 Qh5 22. Nf5 Nf3 23. Qg3 g6 24. Kg2 Nd2 25. Rg1 Nxb3 26. cxb3 Kh8 27. Kh2 Rg8 28. Ne7 Rg7 29. Nd5 g5 30. fxg5 h6 31. f4 f6 32. Nxf6 Qe2+ 33. Rg2 hxg5 34. Rxe2 gxf4 35. Qh4+ Rh7 36. Qxh7# 1-0


[Site "https://www.chess.com"]

[Event "Titled Tuesday Blitz July 18 Late 2023"]
[White "Navyblue1"]
[Black "Chemin, Justo Reinaldo"]
[BlackFideId "2101580"]
[WhiteElo "1852"]
[BlackElo "2261"]
[Result "1/2-1/2"]
[Round "6"]
[TimeControl "180+2"]
[Date "2023.07.18"]
[WhiteClock "0:00:07"]
[BlackClock "0:00:18"]
[Board "159"]

1. d4 d5 2. c4 dxc4 3. e4 Nf6 4. e5 Nd5 5. Bxc4 Nb6 6. Be2 Nc6 7. Nf3 Bg4 8. Be3 e6 9. O-O Nd5 10. Nc3 Be7 11. Nxd5 Qxd5 12. h3 Bh5 13. Qa4 O-O 14. Rfd1 a6 15. a3 Rfd8 16. Rac1 Rac8 17. Bc4 Qe4 18. Bd3 Qd5 19. Bc4 Qa5 20. Qxa5 Nxa5 21. Be2 b5 22. b4 Nb7 23. Rc6 a5 24. Bxb5 axb4 25. axb4 Bxf3 26. gxf3 Bxb4 27. Ba6 Rb8 28. Bxb7 Rxb7 29. Rb1 Rdb8 30. Kg2 Ba5 31. Rxb7 Rxb7 32. Rc4 Bb6 33. f4 Ra7 34. Kf3 Ra3 35. Kg2 Kf8 36. Kg3 Ke7 37. Rc6 Kd7 38. Rc4 f6 39. Kg2 fxe5 40. fxe5 Rd3 41. h4 g6 42. Kf1 Rd1+ 43. Kg2 Rh1 44. Kg3 Rg1+ 45. Kh2 Rd1 46. Kg2 h5 47. Kh2 c6 48. Kg2 Kc7 49. Ra4 Kb7 50. Kh2 Rd3 51. Kg2 Bc7 52. Kf1 Bb6 53. Ke2 Rb3 54. Kf1 Rb5 55. Ke2 c5 56. dxc5 Bxc5 57. Bxc5 Rxc5 58. Re4 Kc6 59. Ke3 Kd5 60. Kf4 Rc2 61. f3 Rh2 62. Kg3 Rh1 63. Re3 Rg1+ 64. Kf2 Rh1 65. Kg3 Rd1 66. Re4 Rd4 67. Kf4 Rxe4+ 68. fxe4+ Kd4 69. Kg5 Kxe5 70. Kxg6 Kxe4 71. Kxh5 Kd3 72. Kg6 e5 73. h5 e4 74. h6 e3 75. h7 e2 76. h8=Q e1=Q 77. Qd8+ Kc2 78. Qc8+ Kd1 79. Qd7+ Kc2 80. Qc7+ Kd3 81. Qd7+ Ke2 82. Qe6+ Kf1 83. Qxe1+ Kxe1 1/2-1/2


[Site "https://www.chess.com"]

[Event "Titled Tuesday Blitz July 18 Late 2023"]
[White "Liu, Casper"]
[Black "Womacka, Mathias"]
[WhiteFideId "1454153"]
[BlackFideId "4611390"]
[WhiteElo "2434"]
[BlackElo "2521"]
[Result "0-1"]
[Round "6"]
[TimeControl "180+2"]
[Date "2023.07.18"]
[WhiteClock "0:01:05"]
[BlackClock "0:01:13"]
[Board "160"]

1. e4 c5 2. d4 cxd4 3. Qxd4 Nc6 4. Qe3 Nf6 5. Nc3 d6 6. Bd2 e6 7. O-O-O Be7 8. h4 a6 9. f3 b5 10. h5 h6 11. g4 Bb7 12. Nh3 Qc7 13. Nf4 Ne5 14. Kb1 b4 15. Na4 Nxf3 16. Bxb4 Bxe4 17. Bd3 Bxd3 18. Rxd3 Ne5 19. Rc3 Qb7 20. Rd1 Qxb4 21. Nb6 Rd8 22. Rc7 Nexg4 23. Rxe7+ Kxe7 24. Nbd5+ Nxd5 25. Nxd5+ Kf8 26. Qb6 Qxb6 0-1


[Site "https://www.chess.com"]

[Event "Titled Tuesday Blitz July 18 Late 2023"]
[White "Bibasa, Bob"]
[Black "Bongo Akanga Ndjila, Barthelemy"]
[WhiteFideId "10000240"]
[BlackFideId "10609431"]
[WhiteElo "2415"]
[BlackElo "2068"]
[Result "1-0"]
[Round "6"]
[TimeControl "180+2"]
[Date "2023.07.18"]
[WhiteClock "0:00:51"]
[BlackClock "0:00:12"]
[Board "161"]

1. e4 e6 2. d4 d5 3. Nd2 Nf6 4. e5 Nfd7 5. f4 c5 6. c3 Nc6 7. Ndf3 a6 8. Bd3 Qa5 9. Kf2 cxd4 10. cxd4 b5 11. Ne2 Bb7 12. Be3 Be7 13. a3 Qd8 14. Rc1 Rc8 15. Qd2 O-O 16. g4 f6 17. h4 fxe5 18. dxe5 Ndxe5 19. fxe5 Nxe5 20. Nd4 Nxg4+ 21. Ke2 e5 22. Ne6 Qd6 23. Nxf8 Rxf8 24. Rhg1 Nxe3 25. Qxe3 e4 26. Nd4 exd3+ 27. Kxd3 Bc8 28. Rxc8 Rxc8 29. Rxg7+ Kf8 30. Qf3+ Ke8 31. Rg8+ Kd7 32. Qf5+ Kc7 33. Rxc8+ 1-0


[Site "https://www.chess.com"]